 Dungeon Crawl Stone Soup version 0.26.1-2-gb8aa6d0cf2 (webtiles) character file.

Game seed: 12255799092225361814

217 Goaboa the Chopper (level 5, -9/48 HPs)
             Began as a Hill Orc Monk on Feb 16, 2021.
             Killed from afar by a white imp (11 damage)
             ... with a puff of frost
             ... on level 5 of the Dungeon.
             The game lasted 00:05:53 (3346 turns).

Goaboa the Chopper (Hill Orc Monk)                  Turns: 3346, Time: 00:05:54

Health: -9/48      AC:  5    Str: 15    XL:     5   Next: 94%
Magic:  5/5        EV: 11    Int: 16    God:
Gold:   178        SH:  0    Dex: 13    Spells: 4/4 levels left

rFire    . . .     SeeInvis .   l - +0 war axe
rCold    . . .     Faith    .   (no shield)
rNeg     . . .     Spirit   .   d - +0 ring mail
rPois    .         Reflect  .   (no helmet)
rElec    .         Harm     .   (no cloak)
rCorr    .         Rampage  .   (no gloves)
Will     .....                  (no boots)
Stlth    +.........             (no amulet)
HPRegen  0.16/turn              o - +6 ring of intelligence
MPRegen  0.09/turn              (no ring)

@: no status effects
A: no striking features
a: no special abilities


You were on level 5 of the Dungeon.
You visited 1 branch of the dungeon, and saw 5 of its levels.

You collected 178 gold pieces.

Inventory:

Hand Weapons
 a - a +0 hand axe
 l - a +0 war axe (weapon)
Armour
 b - a +0 robe
 d - a +0 ring mail (worn)
Jewellery
 o - a +6 ring of intelligence (left hand)
Scrolls
 e - a scroll of fear
 g - a scroll of remove curse {unknown}
 k - 4 scrolls of teleportation {unknown}
 n - a scroll of immolation {unknown}
 q - 2 scrolls of amnesia {unknown}
 r - a scroll of enchant armour {unknown}
 s - a scroll of fog {unknown}
 t - a scroll of random uselessness {unknown}
Potions
 c - 2 potions of attraction
 f - a potion of ambrosia {unknown}
 h - a potion of experience {unknown}
 i - a potion of flight {unknown}
 j - 2 potions of brilliance {unknown}
 m - a potion of mutation {unknown}


   Skills:
 + Level 5.3 Fighting
 + Level 5.8 Axes
 + Level 3.3 Armour
 - Level 2.4 Dodging
 - Level 1.5 Stealth


You had 4 spell levels left.
You didn't know any spells.
Your spell library was empty.

Dungeon Overview and Level Annotations

Branches:
Dungeon (5/15)
 Temple: D:4-7

Altars:
Xom
Yredelemnul


Message History

The crimson imp blinks!
The crimson imp blinks!
The crimson imp hits you but does no damage.
You hit the crimson imp.
The crimson imp is heavily wounded.
The crimson imp hits you.
* * * LOW HITPOINT WARNING * * *
You hit the crimson imp.
The crimson imp is heavily wounded.
The crimson imp blinks!
The white imp gestures at you. The puff of frost hits you!
* * * LOW HITPOINT WARNING * * *
The crimson imp hits you.
* * * LOW HITPOINT WARNING * * *
You hit the crimson imp.
The crimson imp is severely wounded.
The white imp gestures at you. The puff of frost hits you!
You die...

#.....###.........#
.......#
#...#.#......
.......
#..##.##..###
...... ....#...#..#
###.##...##.#
#.#O.≈..# # #.5≈≈.#
#§≈≈≈.# #@≈≈≈.#
#5.≈..# ##).$##
#####


You could see a two-headed ogre, a crimson imp and a white imp.

Vanquished Creatures
  A howler monkey (D:5)
  A worker ant (D:4)
  A hound skeleton (D:4)
  A worker ant zombie (D:3)
  3 adders
  3 oozes
  3 worms
  4 dart slugs
  2 leopard geckos
  2 orcs (D:3)
  5 bats
  4 giant cockroaches
  13 goblins
  5 hobgoblins
  4 jackals
  2 quokkas (D:2)
  A ball python (D:2)
  7 frilled lizards
  7 kobolds
  5 rats (D:1)
74 creatures vanquished.

Notes
Turn   | Place    | Note
-------+----------+-------------------------------------------
     0 | D:1      | Goaboa the Hill Orc Monk began the quest for the Orb.
     0 | D:1      | Reached XP level 1. HP: 19/19 MP: 1/1
   232 | D:1      | Reached XP level 2. HP: 27/27 MP: 2/2
   270 | D:1      | Reached skill level 1 in Armour
   645 | D:1      | Reached XP level 3. HP: 33/33 MP: 3/3
  1106 | D:2      | Found a shimmering altar of Xom.
  1637 | D:2      | Found a basalt altar of Yredelemnul.
  1675 | D:2      | Reached XP level 4. HP: 38/41 MP: 4/4
  1849 | D:3      | Reached skill level 5 in Axes
  2716 | D:3      | Reached XP level 5. HP: 34/47 MP: 5/5
  3012 | D:4      | Reached skill level 5 in Fighting
  3077 | D:4      | Noticed an ogre
  3179 | D:5      | Entered Level 5 of the Dungeon
  3321 | D:5      | Noticed a two-headed ogre
  3345 | D:5      | HP: 2/48 [crimson imp (2)]
  3346 | D:5      | Killed from afar by a white imp

Illustrated notes

Levels and vault maps discovered:
D:1:      eino_arrival_water_star, layout_loops_ring
D:2:      layout_rooms, yredelemnul_altar_generic, xom_teletrap_fun
D:3:      layout_basic, minmay_close_crescents
D:4:      layout_rooms
D:5:      layout_basic, minmay_temple_entry_poolview, serial_shops,
          nicolae_shop_crystal, nrook_mini_backslash, minmay_fire_ice_demons,
          uniq_crazy_yiuf_cottage

Skill      XL: |  1  2  3  4  5 |
---------------+----------------+-----
Armour         | 1 2 3 |  3.3
Fighting       | 4 5 |  5.3
Axes           | 5 |  5.8
Dodging        | |  2.4
Stealth        | |  1.5

Action                   |  1- 3 |  4- 6 || total
-------------------------+-------+-------++-------
Melee: Hand axe          |   105 |       ||   105
       War axe           |    37 |    98 ||   135
  Use: Scroll            |       |     4 ||     4
 Stab: Sleeping          |     3 |       ||     3
Armor: Ring mail         |    33 |    45 ||    78
       Robe              |     2 |       ||     2
Dodge: Dodged            |    67 |    73 ||   140
